 Dungeon Crawl Stone Soup version 0.29.1-1-gd02db6906a (webtiles) character file.

Game seed: 13521024735525935773

46 unlimited1921 the Magician (level 3, 0/26 HPs)
             Began as a Djinni Fire Elementalist on Oct 9, 2022.
             Engulfed by a cloud of flame (9 damage)
             ... on level 3 of the Dungeon.
             The game lasted 00:06:36 (4297 turns).

unlimited1921 the Magician (DjFE)                   Turns: 4297, Time: 00:06:38

Health: 0/26       AC:  3    Str:  7    XL:     3   Next: 95%
Gold:   40         EV: 11    Int: 18    God:
                   SH:  0    Dex: 13

rFire   + + .      SeeInvis .   l - +0 hand axe
rCold   x . .      Faith    .   (no shield)
rNeg    . . .      Spirit   .   q - +0 leather armour
rPois   ∞          Reflect  .   (no helmet)
rElec   .          Harm     .   (no cloak)
rCorr   .          Rampage  .   (no gloves)
Will    .....                   (boots unavailable)
Stlth   ++........              (no amulet)
HPRegen 0.08/turn               c - ring of wizardry
MPRegen 0.00/turn               (no ring)

@: flying
A: sickness immunity, fire resistance 2, cold vulnerability 1, float, innate
caster, HP casting, extra vitality 1
a: no special abilities


You were on level 3 of the Dungeon.
You visited 1 branch of the dungeon, and saw 3 of its levels.

You collected 40 gold pieces.

Inventory:

Hand Weapons
 d - a +0 dagger
 f - a +0 short sword
 l - a +0 hand axe (weapon)
Missiles
 m - 5 curare-tipped darts
 o - 2 boomerangs
Armour
 a - a +0 robe
 n - a +0 ring mail
 q - a +0 leather armour (worn)
Jewellery
 c - a ring of wizardry (left hand)
Scrolls
 b - 2 scrolls of fog {unknown}
 i - a scroll of fear {unknown}
 j - 2 scrolls of identify {unknown}
Potions
 e - a potion of curing {unknown}
 g - 2 potions of haste {unknown}
 h - a potion of attraction {unknown}
 k - a potion of lignification {unknown}
 p - a potion of mutation {unknown}


   Skills:
 + Level 0.4 Fighting
 + Level 2.2 Dodging
 + Level 1.7 Stealth
 + Level 3.4 Spellcasting


You couldn't memorise any spells.
You knew the following spells:

 Your Spells              Type           Power      Damage    Failure   Level
a - Foxfire               Conj/Fire      60%        2x1d7     2%          1
b - Scorch                Fire           30%        2d7       3%          2
c - Conjure Flame         Conj/Fire      15%        6-21      7%          3
d - Inner Flame           Hex/Fire       15%        N/A       7%          3
e - Flame Wave            Conj/Fire      15%        2d7       22%         4
f - Shock                 Conj/Air       60%        1d6       2%          1
Your spell library was empty.

Dungeon Overview and Level Annotations

Branches:
Dungeon (3/15)

Altars:


Innate Abilities, Weirdness & Mutations

You are immune to sickness and miasma.
You are immune to poison.
Your flesh is very heat resistant. (rF++)
You are vulnerable to cold. (rC-)
You float through the air rather than walking.
You learn spells naturally, not from books.
Your magical power is your life essence.
You have superior vitality. (+4 MHP)


Message History

You see here a +0 leather armour.
q - a +0 leather armour You start removing your armour.
You continue taking off your +0 robe. x4
You finish taking off your +0 robe.
You start putting on your armour.
You continue putting on your +0 leather armour. x5
You finish putting on your +0 leather armour.
Done exploring.
Done exploring.
There is a stone staircase leading down here.
You fly downwards.
There is a stone staircase leading up here.
Terence and 2 endoplasms come into view.
The endoplasm quivers.
Casting: Foxfire (safe; 2% risk of failure)
Confirm with . or Enter, or press ? or * to list all spells.
The spell is quite dangerous to miscast (8% risk of failure)!
Continue anyway?
Aiming: Inner Flame (quite dangerous; 8% risk of failure)
Press: ? - help, Dir - move target, f - Terence
Aim: Terence, wielding a +0 mace and wearing a +0 scale mail (asleep, chance to affect: 76%) Terence shouts!
Terence is filled with an inner flame.
Casting: Inner Flame (quite dangerous; 8% risk of failure)
Confirm with . or Enter, or press ? or * to list all spells.
Flames lash the endoplasm.
You kill the endoplasm!
The endoplasm quivers.
Casting: Scorch (safe; 3% risk of failure)
Confirm with . or Enter, or press ? or * to list all spells.
Flames lash Terence.
Flame seeps out of Terence.
Terence is moderately wounded.
Terence's fire resistance burns away.
Terence is engulfed in blazing flames.
Flame seeps out of Terence.
Casting: Scorch (safe; 3% risk of failure)
Confirm with . or Enter, or press ? or * to list all spells.
Flames lash Terence.
Terence is burned terribly!
Terence explodes!
The fiery explosion engulfs you! You resist.
You are engulfed in blazing flames.
You resist.
You die...

#####
#§@<#
#§###
.§○
#...
#..J
#...
#...
#...


You could see an endoplasm.

Vanquished Creatures
  Terence (D:3)
  6 endoplasms
  5 giant cockroaches (D:1)
  3 goblins (D:1)
  3 hobgoblins
  2 quokkas (D:1)
  2 ball pythons (D:1)
  6 bats (D:1)
  5 frilled lizards
  6 kobolds
  5 rats
44 creatures vanquished.

Vanquished Creatures (collateral kills)
  4 foxfires (D:1)
4 creatures vanquished.

Vanquished Creatures (others)
  104 foxfires
  9 plants (D:1)
113 creatures vanquished.

Grand Total: 161 creatures vanquished

Notes
Turn   | Place    | Note
-------+----------+-------------------------------------------
     0 | D:1      | unlimited1921 the Djinni Fire Elementalist began the quest
                  | for the Orb.
     0 | D:1      | unlimited1921 set off with the following spells memorised:
                  | Foxfire, Scorch, Conjure Flame, Inner Flame, Flame Wave.
     0 | D:1      | Reached XP level 1. HP: 15/15 MP: 0/0
   839 | D:1      | Reached XP level 2. HP: 4/21 MP: 0/0
  1854 | D:1      | Reached skill level 3 in Spellcasting
  1921 | D:1      | Reached XP level 3. HP: 19/26 MP: 0/0
  1921 | D:1      | Learned a level 1 spell: Shock
  4293 | D:3      | Noticed Terence
  4297 | D:3      | Killed Terence
  4297 | D:3      | Engulfed by a cloud of flame

Illustrated notes

Levels and vault maps discovered:
D:1:      eino_arrival_cavern_a, layout_loops_corners, serial_forest,
          infiniplex_forest_pool, infiniplex_forest_lined_room_3,
          infiniplex_forest_lined_room_3, infiniplex_forest_clump_double,
          infiniplex_forest_lined_room_2, infiniplex_forest_zigzag_2,
          infiniplex_forest_clump_double
D:2:      layout_basic
D:3:      layout_basic, minmay_box_of_dots, uniq_terence

Skill      XL: |  1  2 |
---------------+-------+-----
Spellcasting   | 3 |  3.4
Fighting       | |  0.4
Dodging        | |  2.2
Stealth        | |  1.7

Action                   || total
-------------------------++-------
Melee: Dagger            ||    27
       Punch             ||     1
 Cast: Foxfire           ||    70
       Scorch            ||    20
       Inner Flame       ||     1
Armor: Robe              ||     5
Dodge: Dodged            ||     6
